 Dungeon Crawl Stone Soup version 0.17-a0-1805-g6093636 (console) character file.

22180 Garrluk the Fencer (level 13, -2/107 HPs)
             Began as a Formicid Fighter on Sept 12, 2015.
             Was an Elder of the Shining One.
             Slain by a komodo dragon (21 damage)
             ... on level 1 of the Lair of Beasts.
             The game lasted 00:39:05 (12573 turns).

Garrluk the Fencer (Formicid Fighter)              Turns: 12573, Time: 00:39:05

Health: -2/107     AC: 21    Str: 22    XL:     13   Next: 25%
Magic:  22/22      EV:  4    Int: 11    God:    the Shining One [****..]
Gold:   606        SH: 10    Dex: 14    Spells: 0 memorised, 12 levels left

rFire  + + .     SeeInvis +     H - +0 great sword
rCold  . . .     Clarity  +     M - +5 plate armour "Idaff" {rF++ MP+9 Int+3}
rNeg   + + +     SustAt   .     c - +0 shield
rPois  +         Gourm    .     (helmet unavailable)
rElec  .         Spirit   .     f - +1 cloak {+Inv}
rCorr  .         Warding  .     G - +0 pair of gloves
rMut   .         Stasis   +     s - +1 pair of boots {run}
MR     ++...                    C - amulet of clarity
Stlth  ..........               y - ring of poison resistance
                                k - ring of positive energy

@: glowing, quick, very resistant to hostile enchantments, extremely unstealthy
A: permanent stasis, dig shafts and tunnels, four strong arms, antennae 3, magic
resistance 1
a: Dig, Shaft Self, Divine Shield, Cleansing Flame, Renounce Religion, Evoke
Invisibility


You were on level 1 of the Lair of Beasts.
You worshipped the Shining One.
The Shining One was greatly pleased with you.
You were hungry.

You visited 3 branches of the dungeon, and saw 16 of its levels.

You collected 732 gold pieces.
You spent 126 gold pieces at shops.

Notes
Turn   | Place    | Note
--------------------------------------------------------------
     0 | D:1      | Garrluk the Formicid Fighter began the quest for the Orb.
     0 | D:1      | Reached XP level 1. HP: 18/18 MP: 1/1
   251 | D:1      | Reached XP level 2. HP: 21/24 MP: 2/2
   536 | D:1      | Reached XP level 3. HP: 26/29 MP: 3/3
   991 | D:2      | Found a snail-covered altar of Cheibriados.
   996 | D:2      | Reached XP level 4. HP: 25/35 MP: 4/4
  1001 | D:2      | Reached skill level 4 in Long Blades
  1586 | D:3      | Noticed Terence
  1744 | D:3      | Killed Terence
  1744 | D:3      | Reached skill level 5 in Long Blades
  1744 | D:3      | Reached XP level 5. HP: 32/41 MP: 5/5
  1846 | D:3      | Found a sacrificial altar of Ru.
  1959 | D:3      | Reached XP level 6. HP: 45/47 MP: 6/6
  1965 | D:3      | Noticed Natasha
  1975 | D:3      | Killed Natasha
  1975 | D:3      | Reached skill level 6 in Long Blades
  1993 | D:3      | Noticed Natasha
  2000 | D:3      | Killed Natasha
  2491 | D:4      | Reached XP level 7. HP: 24/52 MP: 7/7
  2705 | D:4      | Reached skill level 7 in Long Blades
  3063 | D:4      | Reached skill level 8 in Long Blades
  3412 | D:4      | Reached XP level 8. HP: 35/58 MP: 8/8
  3469 | D:5      | Entered Level 5 of the Dungeon
  3554 | D:5      | Found Xomuhil's Armour Shoppe.
  3693 | D:8      | Noticed Restia's ghost (experienced DEFE)
  3697 | D:8      | You fall through a shaft for 2 floors!
  3697 | D:10     | Entered Level 10 of the Dungeon
  3732 | D:10     | Reached skill level 9 in Long Blades
  3935 | D:10     | Noticed a troll
  3953 | D:10     | Killed a troll
  4274 | D:10     | Reached skill level 10 in Long Blades
  4400 | D:9      | Noticed a troll
  4419 | D:9      | Killed a troll
  4419 | D:9      | Reached XP level 9. HP: 37/64 MP: 9/9
  4678 | D:7      | Reached skill level 11 in Long Blades
  5255 | D:5      | Reached skill level 5 in Fighting
  5502 | D:5      | Found Evohep's Assorted Antiques.
  5513 | D:5      | Bought an embroidered cloak for 126 gold pieces
  5604 | D:5      | Reached skill level 12 in Long Blades
  5775 | D:5      | Found Rig Gule's Magic Scroll Boutique.
  5989 | D:5      | Reached XP level 10. HP: 27/74 MP: 10/10
  6209 | D:6      | Found a staircase to the Ecumenical Temple.
  6250 | Temple   | Entered the Ecumenical Temple
  6256 | Temple   | Became a worshipper of the Shining One
  6275 | D:6      | Found a stormy altar of Qazlal.
  6456 | D:6      | Found a burning altar of Makhleb.
  6459 | D:6      | Found a glowing silver altar of Zin.
  6460 | D:6      | Noticed a cacodemon
  6460 | D:6      | Noticed an angel
  7026 | D:7      | Reached skill level 13 in Long Blades
  7037 | D:7      | Gained mutation: You are resistant to hostile enchantments. [potion of beneficial mutation]
  7091 | D:7      | Found a shattered altar of Ashenzari.
  7148 | D:7      | Acquired the Shining One's first power
  7311 | D:8      | Killed Restia's ghost
  7662 | D:8      | Found a sparkling altar of Nemelex Xobeh.
  7733 | D:8      | Reached XP level 11. HP: 83/85 MP: 11/11
  7736 | D:8      | Got a bloodstained robe
  7737 | D:8      | Identified the +1 robe of Xuop Itzyemm {rPois rF+ rN+ MP-9} (You found it on level 8 of the Dungeon)
  8023 | D:8      | Noticed a spriggan baker
  8029 | D:8      | Killed a spriggan baker
  8169 | D:8      | Reached skill level 14 in Long Blades
  8193 | D:8      | Acquired the Shining One's second power
  8737 | D:9      | Identified a scroll of acquirement
  8744 | D:9      | Identified a +1 pair of boots of running (You acquired it on level 9 of the Dungeon)
  8972 | D:10     | Found a glowing golden altar of the Shining One.
  9303 | D:10     | Found a staircase to the Orcish Mines.
  9309 | D:10     | Noticed a centaur warrior
  9338 | D:10     | Killed a centaur warrior
  9514 | D:10     | Got a heavily runed plate armour
  9525 | D:10     | Identified the +5 plate armour "Idaff" {rF++ MP+9 Int+3} (You found it on level 10 of the Dungeon)
  9979 | D:11     | Noticed a four-headed hydra
  9990 | D:11     | Killed a one-headed hydra
  9990 | D:11     | Reached skill level 15 in Long Blades
 10035 | D:11     | Found a staircase to the Lair.
 10075 | D:11     | Noticed a hill giant
 10103 | D:11     | Killed a hill giant
 10447 | D:11     | Found a runed door.
 10480 | D:11     | Noticed an unseen horror
 10481 | D:11     | Noticed an orc knight
 10501 | D:11     | Killed an unseen horror
 10501 | D:11     | Reached XP level 12. HP: 82/97 MP: 12/12
 10553 | D:11     | Killed an orc knight
 10598 | D:11     | Found a roughly hewn altar of Beogh.
 10732 | D:12     | Found Zexeib's Weapon Shop.
 10746 | D:12     | Noticed Rationalist's ghost (experienced FoFi)
 10809 | D:12     | Noticed a skeletal warrior
 10809 | D:12     | Noticed a skeletal warrior
 10816 | D:12     | Reached skill level 10 in Fighting
 10823 | D:12     | Killed a skeletal warrior
 10827 | D:12     | Noticed a skeletal warrior
 10839 | D:12     | Killed a skeletal warrior
 10839 | D:12     | Reached skill level 16 in Long Blades
 10961 | D:12     | Killed a skeletal warrior
 11021 | D:12     | Killed Rationalist's ghost
 11730 | Lair:1   | Entered Level 1 of the Lair of Beasts
 11932 | Lair:1   | You fall through a shaft!
 11941 | Lair:2   | Acquired the Shining One's third power
 11942 | Lair:2   | Noticed a six-headed hydra
 11943 | Lair:2   | Noticed a five-headed hydra
 11963 | Lair:2   | Killed a one-headed hydra
 11965 | Lair:2   | Reached XP level 13. HP: 62/106 MP: 13/13
 11973 | Lair:2   | You fall through a shaft!
 12196 | Lair:2   | Killed a one-headed hydra
 12196 | Lair:2   | Reached skill level 17 in Long Blades
 12373 | Lair:2   | Found a blossoming altar of Fedhas.
 12573 | Lair:1   | Slain by a komodo dragon

Inventory:

Hand weapons
 a - a +0 scimitar
   (You took it off a wight on level 7 of the Dungeon)
 H - a +0 great sword (weapon)
   (You took it off a wight on level 10 of the Dungeon)
 P - a +2 falchion of flaming
   (You took it off an orc on level 6 of the Dungeon)
Missiles
 w - 21 stones (quivered)
Armour
 c - a +0 shield (worn)
 f - a +1 cloak of invisibility (worn)
   (You bought it in a shop on level 5 of the Dungeon)
 s - a +1 pair of boots of running (worn)
   (You acquired it on level 9 of the Dungeon)
 G - a +0 pair of gloves (worn)
   (You found it on level 9 of the Dungeon)
 M - the +5 plate armour "Idaff" (worn) {rF++ MP+9 Int+3}
   (You found it on level 10 of the Dungeon)

   It affects your intelligence (+3).
   It greatly protects you from fire.
   It affects your magic capacity (+9).
Jewellery
 k - a ring of positive energy (left hand)
   (You found it on level 1 of the Dungeon)
 y - a ring of poison resistance (right hand)
   (You found it on level 3 of the Dungeon)
 C - an amulet of clarity (around neck)
   (You found it on level 4 of the Dungeon)
Magical devices
 n - a wand of confusion (22)
   (You found it on level 8 of the Dungeon)
 A - a wand of paralysis (7)
   (You found it on level 10 of the Dungeon)
 I - a wand of slowing (10)
   (You found it on level 9 of the Dungeon)
 K - a wand of heal wounds (1)
   (You took it off a centaur on level 11 of the Dungeon)
 L - a wand of cold (9)
   (You found it on level 10 of the Dungeon)
Scrolls
 b - 3 scrolls of summoning {unknown}
 j - 2 scrolls of immolation {unknown}
 o - 4 scrolls of enchant weapon {unknown}
 p - a scroll of fear
 t - 13 scrolls of identify
 u - 5 scrolls of blinking {unknown}
 x - 10 scrolls of remove curse {unknown}
 z - a scroll of fog {unknown}
 E - 4 scrolls of enchant armour {unknown}
 F - 4 scrolls of teleportation {unknown}
 J - 2 scrolls of recharging {unknown}
Potions
 d - 4 potions of might
 g - 3 potions of cancellation
 h - 2 potions of brilliance
 i - 2 potions of cure mutation {unknown}
 m - a potion of curing
 v - a potion of flight
Comestibles
 e - 10 bread rations
 l - 4 fruits
 q - 12 chunks of flesh
 r - a beef jerky

Table legend:
 A = Turns spent in this place as a percentage of turns spent in the entire game.
 B = Non-inter-level travel turns spent in this place as a percentage of non-inter-level travel turns spent in the entire game.
 C = Inter-level travel turns spent in this place as a percentage of turns spent in this place.
 D = Turns resting spent in this place as a percentage of non-inter-level travel turns spent in this place.
 E = Turns spent auto-exploring this place as a percentage of non-inter-level travel turns spent in this place.
 F = Non-inter-level travel turns spent in this place divided by the number of levels of this place that you've seen.
                   A       B       C       D       E      F
               +-------+-------+-------+-------+-------+----------------------
         Total | 100.0 | 100.0 |   0.4 |   1.3 |   6.8 | 284.8
       Dungeon |  91.0 |  91.0 |   0.4 |   1.3 |   6.9 | 345.8
        Temple |   0.1 |   0.0 |  50.0 |   0.0 |  50.0 |   2.0
          Lair |   8.9 |   8.9 |   0.0 |   1.0 |   5.4 | 135.3
               +-------+-------+-------+-------+-------+----------------------


   Skills:
 + Level 11.8 Fighting
 * Level 17.4 Long Blades
 - Level 3.2 Armour
 - Level 3.6 Shields


You had 12 spell levels left.
You didn't know any spells.

Dungeon Overview and Level Annotations

Branches:
Dungeon (12/15)            Temple (1/1) D:6            Lair (3/8) D:11
    Orc (0/4) D:10
  Swamp: Lair:3-6    Shoals: Lair:3-6     Snake: Lair:3-6    Spider: Lair:3-6

Altars:
Ashenzari
Cheibriados
Dithmenos
Elyvilon
Fedhas
Gozag
Kikubaaqudgha
Makhleb
Nemelex Xobeh
Okawaru
Qazlal
Ru
Sif Muna
Trog
Vehumet
Xom
Yredelemnul
Zin
The Shining One
Beogh

Shops:
D:5 ?*[   D:12 (


Innate Abilities, Weirdness & Mutations

You are under a permanent stasis effect.
You can dig through walls and to a lower floor.
Your four strong arms can wield two-handed weapons with a shield.
You have a pair of large antennae on your head (SInv).
You are resistant to hostile enchantments.


Message History

You see here a yak corpse.
You butcher the yak corpse.
q - 12 chunks of flesh (gained 5)
A komodo dragon comes into view.
The komodo dragon hisses angrily.
You hit the komodo dragon but do no damage.
Your shield and plate armour "Idaff" prevent you from hitting the komodo dragon.
The komodo dragon bites you!
You completely miss the komodo dragon. The komodo dragon bites you!
You closely miss the komodo dragon.
The komodo dragon completely misses you.
Your plate armour "Idaff" prevents you from hitting the komodo dragon.
The komodo dragon bites you!!
* * * LOW HITPOINT WARNING * * *
Use which ability?
Are you sure you want to shaft yourself?
You are feeling hungry.
You begin to dig a shaft.
You continue digging a shaft.
The komodo dragon bites you!!
You die...

......
Y.....................#
......
......................#
####..
..##.#..##...##.#....#...
...#
.P.......#...#.......#..#
...#
.........#...#.......'..#
...#
#.......#...P.......#..#
...#
#.......#...........#..#
...#
.#...........P.......#..#
...#
.........#..............#
####
#......l#...#+.P#####..#
..
##.####@#..............#
....
...........†...........#
####
###########.#####..#####
#.## #### ###


You could see a komodo dragon.

Table legend:
 A = Kills in this place as a percentage of kills in entire the game.
 B = Kills by you in this place as a percentage of kills by you in the entire game.
 C = Kills by friends in this place as a percentage of kills by friends in the entire game.
 D = Other kills in this place as a percentage of other kills in the entire game.
 E = Experience gained in this place as a percentage of experience gained in the entire game.
 F = Experience gained in this place divided by the number of levels of this place that you have seen.
                   A       B       C       D       E      F
               +-------+-------+-------+-------+-------+----------------------
         Total | 100.0 | 100.0 |  -nan |  -nan | 100.0 | 1980.4
       Dungeon |  87.2 |  87.2 |  -nan |  -nan |  75.5 | 1994.2
          Lair |  12.8 |  12.8 |  -nan |  -nan |  24.5 | 2585.3
               +-------+-------+-------+-------+-------+----------------------

Vanquished Creatures
  Monster Symbol All ' '
  The ghost of Rationalist the Blocker, an experienced FoFi of Qazlal (D:12)
  The ghost of Restia the Arsonist, an experienced DEFE of Vehumet (D:8)
2 creatures vanquished. All '5' 10 crimson imps 2 quasits (D:7) 2 shadow imps (D:8)
14 creatures vanquished. All '9' A gargoyle (D:12)
1 creature vanquished. All '@' Terence (D:3)
1 creature vanquished. All 'C' A hill giant (D:11) A cyclops (D:12)
2 creatures vanquished. All 'D' 3 hydras
3 creatures vanquished. All 'F' 10 giant frogs
10 creatures vanquished. All 'H' 5 hippogriffs
5 creatures vanquished. All 'J' 5 jellies 2 oozes
7 creatures vanquished. All 'K' A big kobold (D:12) 10 kobolds
11 creatures vanquished. All 'O' 2 two-headed ogres 7 ogres
9 creatures vanquished. All 'P' 3 plants
3 creatures vanquished. All 'S' 3 water moccasins 19 adders A ball python (D:7)
23 creatures vanquished. All 'T' 2 trolls
2 creatures vanquished. All 'W' A hungry ghost (D:10) 7 phantoms
8 creatures vanquished. All 'Y' 15 yaks 2 ice beasts 2 sky beasts
19 creatures vanquished. All 'Z' A centaur zombie (D:11) A giant frog skeleton (D:8) 2 centaur skeletons 3 adder skeletons A giant gecko skeleton (D:5) A quokka skeleton (D:6)
9 creatures vanquished. All 'a' 10 worker ants
10 creatures vanquished. All 'b' 6 bats
6 creatures vanquished. All 'c' A centaur warrior (D:10) 13 centaurs
14 creatures vanquished. All 'g' 3 gnolls (D:8) 7 goblins 7 hobgoblins
17 creatures vanquished. All 'h' 4 wolves (Lair:2) A black bear (D:7) 2 hounds Natasha (twice) (D:3) 10 jackals
19 creatures vanquished. All 'i' A spriggan (D:8)
1 creature vanquished. All 'l' 4 komodo dragons A basilisk (Lair:1) 4 iguanas 12 giant geckos 3 giant newts
24 creatures vanquished. All 'n' 2 necrophages (D:10)
2 creatures vanquished. All 'o' An orc knight (D:11) 4 orc warriors 5 orc priests 12 orc wizards 42 orcs
64 creatures vanquished. All 'r' A porcupine (Lair:2) 13 river rats 7 quokkas 5 rats
26 creatures vanquished. All 's' 3 scorpions 7 giant cockroaches
10 creatures vanquished. All 't' 4 crocodiles
4 creatures vanquished. All 'u' An ugly thing (D:12)
1 creature vanquished. All 'x' An unseen horror (D:11)
1 creature vanquished. All 'y' 4 vampire mosquitoes (D:8) 12 killer bees
16 creatures vanquished. All 'z' 3 skeletal warriors (D:12) 8 wights
11 creatures vanquished.
355 creatures vanquished. Monster Nature Uniques Terence (D:3) Natasha (twice) (D:3)
3 creatures vanquished. Natural Monsters 3 hydras A centaur warrior (D:10) The ghost of Rationalist the Blocker, an experienced FoFi of Qazlal (D:12) An unseen horror (D:11) A hill giant (D:11) An orc knight (D:11) The ghost of Restia the Arsonist, an experienced DEFE of Vehumet (D:8) An ugly thing (D:12) A cyclops (D:12) 4 komodo dragons 2 two-headed ogres 2 trolls 15 yaks A spriggan (D:8) A basilisk (Lair:1) 4 wolves (Lair:2) 5 hippogriffs 2 ice beasts A porcupine (Lair:2) 3 water moccasins A black bear (D:7) 4 orc warriors 7 ogres 2 sky beasts 4 crocodiles 13 centaurs A big kobold (D:12) 10 giant frogs 12 killer bees 3 scorpions 2 hounds 5 jellies 5 orc priests 10 worker ants 12 orc wizards 4 iguanas 3 gnolls (D:8) 19 adders 13 river rats 2 oozes 12 giant geckos 42 orcs A ball python (D:7) 7 giant cockroaches 7 goblins 7 hobgoblins 10 jackals 10 kobolds 7 quokkas 6 bats 3 giant newts 5 rats
300 creatures vanquished. Non-Living Monsters A gargoyle (D:12)
1 creature vanquished. Undead Monsters 3 skeletal warriors (D:12) A centaur zombie (D:11) A hungry ghost (D:10) 4 vampire mosquitoes (D:8) 7 phantoms 2 necrophages (D:10) 8 wights A giant frog skeleton (D:8) 2 centaur skeletons 3 adder skeletons A giant gecko skeleton (D:5) A quokka skeleton (D:6)
34 creatures vanquished. Demonic Monsters 10 crimson imps 2 quasits (D:7) 2 shadow imps (D:8)
14 creatures vanquished. Plants 3 plants
3 creatures vanquished.
355 creatures vanquished. Ascending Order A centaur warrior (D:10) The ghost of Rationalist the Blocker, an experienced FoFi of Qazlal (D:12) An unseen horror (D:11) A hill giant (D:11) An orc knight (D:11) The ghost of Restia the Arsonist, an experienced DEFE of Vehumet (D:8) An ugly thing (D:12) A cyclops (D:12) A centaur zombie (D:11) A gargoyle (D:12) A spriggan (D:8) A hungry ghost (D:10) A basilisk (Lair:1) A porcupine (Lair:2) A black bear (D:7) A big kobold (D:12) A giant frog skeleton (D:8) Terence (D:3) A ball python (D:7) A giant gecko skeleton (D:5) A quokka skeleton (D:6) 2 two-headed ogres 2 trolls 2 ice beasts 2 sky beasts 2 necrophages (D:10) 2 quasits (D:7) 2 hounds 2 centaur skeletons Natasha (twice) (D:3) 2 shadow imps (D:8) 2 oozes 3 hydras 3 skeletal warriors (D:12) 3 water moccasins 3 scorpions 3 gnolls (D:8) 3 adder skeletons 3 giant newts 3 plants 4 komodo dragons 4 wolves (Lair:2) 4 vampire mosquitoes (D:8) 4 orc warriors 4 crocodiles 4 iguanas 5 hippogriffs 5 orc priests 5 jellies 5 rats 6 bats 7 phantoms 7 ogres 7 goblins 7 hobgoblins 7 giant cockroaches 7 quokkas 8 wights 10 giant frogs 10 crimson imps 10 worker ants 10 kobolds 10 jackals 12 killer bees 12 orc wizards 12 giant geckos 13 centaurs 13 river rats 15 yaks 19 adders 42 orcs
355 creatures vanquished.

Action                   |  1- 3 |  4- 6 |  7- 9 | 10-12 | 13-15 || total
-------------------------+-------+-------+-------+-------+-------++-------
Melee: Long sword        |    78 |    16 |    66 |    27 |       ||   187
       Dagger            |    20 |   184 |   323 |    13 |       ||   540
       Scimitar          |       |       |    33 |     9 |       ||    42
       Falchion          |       |       |       |   378 |     5 ||   383
       Great sword       |       |       |       |   293 |   100 ||   393
Throw: Stone             |       |       |     3 |     1 |     1 ||     5
Invok: Divine Shield     |       |       |       |     1 |       ||     1
 Abil: Dig               |     2 |     5 |    12 |    21 |     3 ||    43
       Shaft Self        |       |       |     1 |       |     2 ||     3
  Use: Potion            |       |     1 |     5 |    13 |       ||    19
       Scroll            |       |       |       |     4 |       ||     4
  Eat: Chunk             |     1 |     5 |    14 |    17 |     2 ||    39
       Bread ration      |       |       |       |     1 |       ||     1
